 Seeded DCSS version 0.30-a0-368-g86fb4627a9 (webtiles) character file.

Game seed: 4866231847754521613 (custom seed)

109 purpskrrrp the Sneak (level 4, 0/23 HPs)
             Began as a Spriggan Monk on Nov 18, 2022.
             Was the Champion of Ignis.
             Slain by an orc
             ... wielding a +0 flail
              (6 damage)
             ... on level 3 of the Dungeon.
             The game lasted 00:02:46 (2059 turns).

purpskrrrp the Sneak (Spriggan Monk)                Turns: 2059, Time: 00:02:46

Health: 0/23       AC:  2    Str:  7    XL:     4   Next: 60%
Magic:  5/5        EV: 19    Int: 11    God:    Ignis [******]
Gold:   170        SH:  0    Dex: 21    Spells: 3/3 levels left

rFire   + + +      SeeInvis +    q - +10 rapier of Ubiquitous Guile {freeze, rElec rF+++ Dex+2}
rCold   . . .      Faith    .    (no shield)
rNeg    . . .      Spirit   .    b - +0 robe
rPois   .          Reflect  .    (helmet restricted)
rElec   +          Harm     .    (no cloak)
rCorr   .          Rampage  .    (gloves unavailable)
Will    .....                    (boots unavailable)
Stlth   ++++......               (no amulet)
HPRegen 0.23/turn                (no ring)
MPRegen 0.09/turn                (no ring)

@: very quick
A: very small, no large weapons, unfitting armour, see invisible, speed 3
a: Renounce Religion, Fiery Armour, Foxfire Swarm, Rising Flame


You were on level 3 of the Dungeon.
You worshipped Ignis.
Ignis was exalted by your worship.
You visited 1 branch of the dungeon, and saw 3 of its levels.

You collected 170 gold pieces.

Inventory:

Hand Weapons
 a - a +0 short sword
 j - a +5 vampiric short sword
 l - a +0 dagger
 q - the +10 rapier of Ubiquitous Guile (weapon) {freeze, rElec rF+++ Dex+2}
   (You acquired it on level 3 of the Dungeon)

   It freezes those it strikes, dealing additional cold damage.
   It can also slow down cold-blooded creatures.
   Dex:       It affects your dexterity (+2).
   rF:        It renders you almost immune to fire.
   rElec:     It insulates you from electricity.
Armour
 b - a +0 robe (worn)
Jewellery
 i - a ring of ice
Wands
 s - a wand of flame (15)
Scrolls
 f - 2 scrolls of enchant armour {unknown}
 g - 3 scrolls of teleportation {unknown}
 h - 5 scrolls of identify {unknown}
 k - 2 scrolls of magic mapping {unknown}
 o - a scroll of poison {unknown}
 p - a scroll of noise {unknown}
Potions
 c - a potion of ambrosia
 d - 3 potions of mutation {unknown}
 e - 2 potions of degeneration {unknown}
 m - 3 potions of lignification {unknown}
 n - a potion of attraction {unknown}
 r - a potion of curing {unknown}


   Skills:
 - Level 2.4 Fighting
 + Level 3.3 Short Blades
 + Level 4.1 Dodging
 * Level 7.5 Stealth


You had 3 spell levels left.
You didn't know any spells.
Your spell library was empty.

Dungeon Overview and Level Annotations

Branches:
Dungeon (3/15)

Altars:
Ignis


Innate Abilities, Weirdness & Mutations

You are very small and have problems with some larger weapons.
You are too small for most types of armour.
You have supernaturally acute eyesight. (SInv)
You cover ground extremely quickly. (Speed+++)


Message History

No target in view!
No target in view!
No target in view!
No target in view!
No target in view!
No target in view!
No target in view!
No target in view!
No target in view!
No target in view!
No target in view!
No target in view!
No target in view!
No target in view!
No target in view!
You open the door. 3 orcs come into view.
Found a shortbow and 15 gold pieces.
There are monsters nearby!
There are monsters nearby!
An orc wizard and an orc come into view.
The orc wizard is wielding a +0 dagger and wearing a +1 robe of fire resistance.
Found 26 gold pieces.
There is an open door here.
The helpless orc fails to defend itself.
You spit the orc like a pig!!! You freeze the orc.
You kill the orc!
The orc shouts! x3
The orc hits you with a +0 flail!
The orc wizard shouts!
You hit the orc. You freeze the orc.
The orc is severely wounded.
The orc closely misses you. The orc barely misses you.
You puncture the orc! You freeze the orc.
You kill the orc!
The orc wizard points at you and mumbles some strange words.
The magic dart hits you!
* * * LOW HITPOINT WARNING * * *
The orc hits you with a +0 flail.
You die...

.# #..# #..# .#
#### ##..######
.###########
##8..8##..#
...........#
+......'..#
############
#..##..#..# ##
########..# .#
#oo..#...# .#
#)o$$#...#
##+####@#####†.#
#..........##..#
#..........#...#
#####..##.)'...#
#.##############
####### #.##..#
#.....# #.##.##
#.###.# #.##.#
#.# #.###.##.#


You could see an orc wizard and 2 orcs.

Vanquished Creatures
  An iguana (D:2)
  2 adders
  2 dart slugs (D:1)
  3 orcs (D:3)
  7 endoplasms
  4 goblins
  6 hobgoblins
  4 jackals (D:1)
  5 kobolds
  2 quokkas
  5 ball pythons
  10 bats
  A frilled lizard (D:1)
  7 rats
59 creatures vanquished.

Notes
Turn   | Place    | Note
-------+----------+-------------------------------------------
     0 | D:1      | purpskrrrp the Spriggan Monk began the quest for the Orb.
     0 | D:1      | Reached XP level 1. HP: 11/11 MP: 2/2
   116 | D:1      | Reached skill level 4 in Stealth
   118 | D:1      | Reached XP level 2. HP: 9/16 MP: 3/3
   249 | D:1      | Reached skill level 5 in Stealth
   440 | D:1      | Reached XP level 3. HP: 19/19 MP: 4/4
   812 | D:1      | Identified a scroll of acquirement
   812 | D:1      | Acquired a +5 vampiric short sword
   858 | D:2      | Reached skill level 6 in Stealth
   906 | D:2      | Reached skill level 7 in Stealth
   906 | D:2      | Reached XP level 4. HP: 23/23 MP: 5/5
  1574 | D:3      | Acquired the +10 rapier of Ubiquitous Guile {freeze, rElec
                  | rF+++ Dex+2}
  1646 | D:3      | Found a faded altar of an unknown god.
  1796 | D:3      | Prayed at the altar of an unknown god.
  1796 | D:3      | Became a worshipper of Ignis, the Dying Flame
  1796 | D:3      | Reached ****** piety under Ignis
  2059 | D:3      | Slain by an orc

Illustrated notes

Levels and vault maps discovered:
D:1:      dpeg_arrival_arbitrary_c, layout_basic
D:2:      layout_loops_ring, kennysheep_minor_cross
D:3:      minmay_chambers_of_twos, layout_loops_ring, overflow_temple_1_default,
          ebering_ecumenical_altar_petrified

Skill      XL: |  1  2  3 |
---------------+----------+-----
Stealth        | 4 5 7 |  7.5
Fighting       | |  2.4
Short Blades   | |  3.3
Dodging        | |  4.1

Action                   |  1- 3 |  4- 6 || total
-------------------------+-------+-------++-------
Melee: Short sword       |    63 |     7 ||    70
       Dagger            |    42 |       ||    42
       Rapier            |       |    19 ||    19
  Use: Scroll            |     1 |     1 ||     2
 Stab: Sleeping          |    13 |    11 ||    24
Armor: Robe              |    14 |       ||    14
Dodge: Dodged            |    79 |     7 ||    86

Table legend: (Time is in decaauts)
 A = Elapsed time spent in this place.
 B = Non-inter-level travel time spent in this place.
 C = Inter-level travel time spent in this place.
 D = Time resting spent in this place.
 E = Time spent auto-exploring this place.
 F = Levels seen in this place.
 G = Mean time per level.
                   A        B        C        D        E       F      G
               +--------+--------+--------+--------+--------+-----+--------+
         Total |   1337 |   1272 |     65 |      0 |    990 |   3 |  445.7 |
       Dungeon |   1337 |   1272 |     65 |      0 |    990 |   3 |  445.7 |
               +--------+--------+--------+--------+--------+-----+--------+

Top non-repeatable levels by time:
     D:1: 579 daAuts
     D:2: 448 daAuts
     D:3: 310 daAuts
